 Dungeon Crawl Stone Soup version 0.31-a0-632-g766dd24fdf (webtiles) character file.

Game seed: 16390914572327134809

325 LeprechaunX the Changeling (level 6, -2/41 HPs)
             Began as an Octopode Shapeshifter on Aug 25, 2023.
             Killed from afar by Dowan (21 damage)
             ... with a shard of ice
             ... on level 4 of the Dungeon.
             The game lasted 00:03:29 (3140 turns).

LeprechaunX the Changeling (Octopode Shapeshifter)  Turns: 3140, Time: 00:03:31

Health: -2/41      AC:  1    Str: 16    XL:     6   Next: 48%
Magic:  6/6        EV: 13    Int: 11    God:
Gold:   195        SH:  0    Dex: 12    Spells: 5/5 levels left

rFire   . . .        n - +9 whip of Keoryxuw {pain, +Blink rC- rN+ Will+}
rCold   x . .        (no shield)
rNeg    + . .        (helmet currently unavailable)
rPois   .            (no amulet)
rElec   .            (no ring)
rCorr   .            (no ring)
SInv    .            (no ring)
Will    +....        (no ring)
Stlth   ++           (no ring)
HPRegen 0.26/turn    (no ring)
MPRegen 0.10/turn    (no ring)
                     (no ring)

%: no passive effects
@: beast-form
A: beast (slay +2), almost no armour, amphibious, 8 rings, camouflage 1,
gelatinous body 1, (nimble swimmer 1), tentacles
a: Begin Untransformation, Evoke Blink


You were on level 4 of the Dungeon.
You were a hulking beast.
You visited 1 branch of the dungeon, and saw 5 of its levels.

You collected 195 gold pieces.

Inventory:

Hand Weapons
 n - the +9 whip of Keoryxuw (weapon) {pain, +Blink rC- rN+ Will+}
   (You found it on level 2 of the Dungeon)

   rC-:       It makes you vulnerable to cold.
   rN+:       It protects you from negative energy.
   Will+:     It increases your willpower.
   +Blink:    It lets you blink.
 w - a +1 heavy sling
Talismans
 b - a beast talisman (active)
 c - a flux talisman
Wands
 p - a wand of paralysis (4)
 t - a wand of flame (11)
 v - a wand of digging (7)
Scrolls
 d - a scroll of brand weapon {unknown}
 e - a scroll of summoning {unknown}
 g - 3 scrolls of teleportation {unknown}
 h - 3 scrolls of vulnerability {unknown}
 i - a scroll of poison {unknown}
 j - 2 scrolls of enchant armour {unknown}
 q - a scroll of immolation {unknown}
 s - 2 scrolls of identify {unknown}
Potions
 a - a potion of lignification
 f - 3 potions of degeneration {unknown}
 k - a potion of heal wounds {unknown}
 l - a potion of brilliance {unknown}
 m - a potion of mutation {unknown}
 o - a potion of curing {unknown}
 r - a potion of haste {unknown}
 u - a potion of ambrosia {unknown}


   Skills:
 + Level 2.8 Fighting
 + Level 3.3 Dodging
 + Level 4.1 Unarmed Combat
 + Level 0.8 Evocations
 * Level 4.6 Shapeshifting


You had 5 spell levels left.
You didn't know any spells.
Your spell library contained the following spells:

 Spells                   Type           Power      Damage    Failure   Level
 Apportation              Tloc           0%         N/A       34%         1
 Freeze                   Ice            0%         1d3       34%         1
 Magic Dart               Conj           0%         1d3       34%         1
 Necrotise                Necr           0%         1d4       34%         1
 Sting                    Tmut/Pois      0%         1d3       34%         1
 Summon Small Mammal      Summ           0%         N/A       34%         1
 Blink                    Tloc           0%         N/A       47%         2
 Call Imp                 Summ           0%         N/A       47%         2
 Ensorcelled Hibernation  Hex/Ice        0%         N/A       47%         2
 Poisonous Vapours        Pois/Air       0%         N/A       47%         2
 Frozen Ramparts          Ice            0%         1d1       71%         3
 Hailstorm                Conj/Ice       0%         3d3       71%         3
 Mephitic Cloud           Conj/Pois/Air  0%         N/A       71%         3
 Anguish                  Hex/Necr       0%         N/A       98%         4
 Manifold Assault         Tloc           0%         N/A       98%         4
 Olgreb's Toxic Radiance  Pois           0%         N/A       98%         4


Dungeon Overview and Level Annotations

Branches:
Dungeon (5/15)
 Temple: D:4-7

Altars:
Dithmenos
Trog

Shops:
D:3 :

Annotations:
D:4 1 runed translucent door, Age's ghost, amateur MiFi; Dowan


Innate Abilities, Weirdness & Mutations

You are a hulking beast.
Your limbs bulge with bestial killing power. (Slay +2)
You cannot wear most types of armour.
You are amphibious.
You can wear up to eight rings at the same time.
Your skin changes colour to match your surroundings (Stealth+).
Your rubbery body absorbs attacks. (AC +1, EV +1)
((You are camouflaged when in or above water. (Stealth+)))
You have tentacles for arms and can constrict up to eight enemies at once.


Message History

There is an open door here.
A jelly comes into view.
The jelly quivers.
Duvessa opens the door.
Duvessa barely misses you.
There is an open door here.
Duvessa barely misses you.
There is a stone staircase leading up here.
You closely miss Duvessa.
The iguana hisses angrily.
Your grab misses Duvessa. You squeeze Duvessa.
Duvessa is lightly wounded.
Duvessa hits you with a +0 short sword. Duvessa hits you with a +0 short sword!
Dowan misses you. Duvessa closely misses you.
You climb upwards.
Level annotation: 1 runed translucent door, Age's ghost, amateur MiFi
There is a stone staircase leading down here.
You hit Duvessa. Your grab misses Duvessa. You squeeze Duvessa.
Duvessa is moderately wounded.
Duvessa hits you with a +0 short sword. Dowan misses you.
You whack Duvessa! You grab Duvessa. You squeeze Duvessa!
Duvessa is almost dead.
You constrict Duvessa.
You kill Duvessa!
Dowan seems overcome with grief.
Dowan seems to find hidden reserves of power!
Dowan misses you.
Your Unarmed Combat skill increases to level 4!
You have reached level 6!
You closely miss Dowan. Your grab misses Dowan. You squeeze Dowan!
Dowan is heavily wounded.
Dowan hits you with a +0 dagger. Dowan completely misses you.
You hit Dowan. Your grab misses Dowan.
Dowan is severely wounded.
Dowan shakes with grief.
Dowan casts a spell at you. The shard of ice hits you!!
You feel a painful chill!
Ouch! That really hurt!
You die...

#........)## #.#.########.##
#.#######.# #.#.#####...#.# # #.#
#.# #........###.#. ## #.#
####.########.###.## ##.# .# #.#
#.........###.# #.# #.. .# #.#
#.#...........# #.## ##.# ## #.#
#.#..####.##### ##.###.## # #.#
#.#..####.##### ##...### ####.#
#.#....)he....###########
.....####.#..####.###..).........
##...........# #.# #############
.########.#.## #.# ...### #.#.#
#.# ....<# #.#.#####.# ######
#.........# ###########.#######
#.......<...#


You could see Dowan (fast).

Vanquished Creatures
  Duvessa (D:4)
  A jelly (D:4)
  An iguana (D:4)
  Ijyb (D:3)
  6 adders
  A worm (D:2)
  2 dart slugs (D:1)
  3 orcs
  9 bats
  9 endoplasms
  6 giant cockroaches
  7 hobgoblins
  A quokka (D:1)
  7 ball pythons
  3 frilled lizards
  8 goblins
  8 kobolds
  5 rats
79 creatures vanquished.

Notes
Turn   | Place    | Note
-------+----------+-------------------------------------------
     0 | D:1      | LeprechaunX the Octopode Shapeshifter began the quest for
                  | the Orb.
     0 | D:1      | Reached XP level 1. HP: 13/13 MP: 1/1
   166 | D:1      | Reached XP level 2. HP: 18/18 MP: 2/2
   500 | D:1      | Reached XP level 3. HP: 23/23 MP: 3/3
  1022 | D:2      | Reached XP level 4. HP: 29/29 MP: 4/4
  1079 | D:2      | Identified the +9 whip of Keoryxuw {pain, +Blink rC- rN+
                  | Will+}
  1553 | D:3      | Found Ehamare's Book Shop.
  1811 | D:3      | Noticed Ijyb
  1815 | D:3      | Killed Ijyb
  1816 | D:3      | Reached XP level 5. HP: 34/34 MP: 5/5
  1821 | D:3      | Found a bloodstained altar of Trog.
  2275 | D:4      | Found a shadowy altar of Dithmenos.
  2620 | D:4      | Found a runed translucent door.
  2876 | D:4      | Noticed Age's ghost (amateur MiFi)
  3101 | D:5      | Entered Level 5 of the Dungeon
  3120 | D:5      | Noticed Dowan
  3121 | D:5      | Noticed Duvessa
  3138 | D:4      | Killed Duvessa
  3139 | D:4      | Reached XP level 6. HP: 21/41 MP: 6/6
  3140 | D:4      | Killed from afar by Dowan

Illustrated notes

Levels and vault maps discovered:
D:1:      lightli_arrival_chessboard, layout_loops_cross,
          hangedman_decor_points, nicolae_concentric_dashed_squares_mild
D:2:      mumra_celtic_spiral_tile, layout_rooms, minmay_pentomino_w4
D:3:      layout_loops_ring, trog_three_pillars_becter, serial_shops, shop,
          uniq_ijyb
D:4:      layout_loops_ring, nicolae_dithmenos_the_darkroom,
          ebering_ghost_reflecting_pool, minmay_crossroads
D:5:      layout_basic, nicolae_overflow_hidden_temple,
          nicolae_ru_great_annihilating_truth, uniq_prince_ribbit1, uniq_duvessa

Skill      XL: |  1  2  3  4  5 |
---------------+----------------+-----
Fighting       | 2 |  2.8
Shapeshifting  | 4 |  4.6
Dodging        | 3 |  3.3
Unarmed Combat | 4 |  4.1
Evocations     | |  0.8

Action                     |  1- 3 |  4- 6 || total
---------------------------+-------+-------++-------
  Melee: Unarmed           |    53 |    12 ||    65
         Constrict         |    16 |    17 ||    33
         Tentacles         |    13 |    14 ||    27
         Whip              |       |    54 ||    54
         Punch             |       |     2 ||     2
   Stab: Sleeping          |    11 |     3 ||    14
         Distracted        |       |     1 ||     1
 Armour: Skin              |     5 |     3 ||     8
  Dodge: Dodged            |    19 |    40 ||    59

Table legend: (Time is in decaauts)
 A = Elapsed time spent in this place.
 B = Non-inter-level travel time spent in this place.
 C = Inter-level travel time spent in this place.
 D = Time resting spent in this place.
 E = Time spent auto-exploring this place.
 F = Levels seen in this place.
 G = Mean time per level.
                   A        B        C        D        E       F      G
               +--------+--------+--------+--------+--------+-----+--------+
         Total |   3141 |   3008 |    133 |     75 |   2519 |   5 |  628.2 |
       Dungeon |   3141 |   3008 |    133 |     75 |   2519 |   5 |  628.2 |
               +--------+--------+--------+--------+--------+-----+--------+

Top non-repeatable levels by time:
     D:4: 1022 daAuts
     D:2: 742 daAuts
     D:1: 732 daAuts
     D:3: 608 daAuts
     D:5: 34 daAuts
